 Dungeon Crawl Stone Soup version 0.22-a0-433-gd2a9cce (webtiles) character file.

220 MisterFreud the Spear-Bearer (level 5, -24/38 HPs)
             Began as a Merfolk Gladiator on May 28, 2018.
             Annihilated by an ogre
             ... wielding a +0 giant club
              (30 damage)
             ... on level 4 of the Dungeon.
             The game lasted 00:04:29 (2787 turns).

MisterFreud the Spear-Bearer (Merfolk Gladiator)    Turns: 2787, Time: 00:04:30

Health: -24/38     AC:  5    Str: 14    XL:     5   Next: 97%
Magic:  5/5        EV: 14    Int:  7    God:
Gold:   91         SH:  0    Dex: 17    Spells: 4/4 levels left

rFire    . . .     SeeInvis .   a - +0 trident
rCold    . . .     Gourm    .   (no shield)
rNeg     . . .     Faith    .   b - +0 leather armour
rPois    .         Spirit   .   c - +0 helmet
rElec    .         Reflect  .   (no cloak)
rCorr    .         Harm     .   (no gloves)
MR       .....                  m - +0 pair of boots
Stlth    +.........             (no amulet)
HPRegen  0.12/turn              (no ring)
MPRegen  0.09/turn              (no ring)

@: no status effects
A: change form in water, swift swim, stealthy swim
a: no special abilities


You were on level 4 of the Dungeon.
You were not hungry.

You visited 1 branch of the dungeon, and saw 4 of its levels.

You collected 91 gold pieces.

Inventory:

Hand Weapons
 a - a +0 trident (weapon)
Missiles
 d - 3 throwing nets (quivered)
 e - 33 stones
Armour
 b - a +0 leather armour (worn)
 c - a +0 helmet (worn)
 m - a +0 pair of boots (worn)
Scrolls
 g - a scroll of identify
 h - a scroll of random uselessness {unknown}
 i - 2 scrolls of teleportation
 k - 2 scrolls of amnesia {unknown}
 l - a scroll of remove curse {unknown}
 o - a scroll of noise {unknown}
Potions
 j - a potion of curing
 n - a potion of might
 p - 2 potions of magic
 q - 2 potions of brilliance
 s - a potion of flight {unknown}
Comestibles
 f - 6 rations
 r - 2 chunks of flesh


   Skills:
 - Level 2.1 Fighting
 + Level 9.3 Polearms
 - Level 2.0 Throwing
 - Level 4.0 Dodging


You had 4 spell levels left.
You didn't know any spells.
Your spell library was empty.

Dungeon Overview and Level Annotations

Branches:
Dungeon (4/15)
 Temple: D:4-7

Altars:
Hepliaklqana


Message History

Attack whom?
Press: ? - help, Dir - move target cursor, f/p - ogre
Aim: an ogre, wielding a giant club (moderately wounded)
You reach to attack!
You barely miss the ogre.
The ogre is moderately wounded.
You closely miss the ogre.
The ogre is moderately wounded.
The ogre hits you with a giant club.
You hit the ogre.
The ogre is heavily wounded.
You hit the ogre.
The ogre is severely wounded.
The ogre hits you with a giant club!
* * * LOW HITPOINT WARNING * * *
You are too injured to fight recklessly!
You hit the ogre.
The ogre is severely wounded.
The ogre hits you with a giant club!!
Ouch! That really hurt!
You die...

#.#...####.........####..
#.##.## ##.......## .
#.#### ##.....## #.####
##...## #..(.# ##+##
####.# #.# #####.#####
#.....[.O@# .
#....)###.###.. #...P.#
#...... #.8...###......
#.8.....[...###
#.#...###..## #.#####
#$.# #. ..... ##


You could see an ogre.

Vanquished Creatures
  A scorpion (D:2)
  An orc wizard (D:4)
  An iguana (D:4)
  A worker ant zombie (D:4)
  3 adders (D:2)
  An adder zombie (D:4)
  2 adder skeletons (D:4)
  2 worms
  8 orcs
  2 giant cockroaches
  9 hobgoblins
  2 jackals (D:3)
  5 kobolds
  A quokka (D:3)
  A ball python zombie (D:4)
  6 bats
  8 frilled lizards
  2 goblins
  8 rats
64 creatures vanquished.

Notes
Turn   | Place    | Note
-------+----------+-------------------------------------------
     0 | D:1      | MisterFreud the Merfolk Gladiator began the quest for the Orb.
     0 | D:1      | Reached XP level 1. HP: 16/16 MP: 1/1
    68 | D:1      | Reached skill level 5 in Polearms
    69 | D:1      | Reached XP level 2. HP: 22/22 MP: 2/2
   504 | D:2      | Found a hazy altar of Hepliaklqana.
   529 | D:2      | Reached skill level 6 in Polearms
   529 | D:2      | Reached XP level 3. HP: 15/27 MP: 3/3
   874 | D:2      | Noticed a scorpion
   902 | D:2      | Killed a scorpion
   902 | D:2      | Reached skill level 7 in Polearms
   902 | D:2      | Reached XP level 4. HP: 21/33 MP: 4/4
  1533 | D:3      | Reached skill level 8 in Polearms
  1536 | D:3      | Reached XP level 5. HP: 38/38 MP: 5/5
  2366 | D:4      | Noticed an ogre
  2764 | D:4      | Reached skill level 9 in Polearms
  2787 | D:4      | Annihilated by an ogre

Vault maps used:
D:1:      tarquinn_simple_flora_water_b
D:2:      lemuel_doored_altar, first_ration
D:3:      minivault_4
D:4:      temple_doors_ab, serial_undead, serial_undead_e, serial_undead_a,
          serial_undead_b, serial_undead_a, serial_undead_b, serial_undead_e,
          serial_undead_c, uniq_crazy_yiuf_cottage, uniq_robin, uniq_edmund

Skill      XL: |  1  2  3  4  5 |
---------------+----------------+-----
Polearms       | 5 6 7 8 9 |  9.3
Fighting       | |  2.1
Throwing       | |  2.0
Dodging        | |  4.0

Action                   |  1- 3 |  4- 6 || total
-------------------------+-------+-------++-------
Melee: Trident           |   100 |   147 ||   247
  Use: Potion            |     1 |       ||     1
       Scroll            |       |     5 ||     5
 Stab: Sleeping          |     1 |     2 ||     3
  Eat: Chunk             |       |     6 ||     6
Armor: Leather armour    |    19 |    13 ||    32
Dodge: Dodged            |    59 |    53 ||   112

Table legend:
 A = Spawn XP
 B = Non-spawn XP
 C = Spawn XP percentage of total XP
 D = Spawn monster count
 E = Non-spawn monster count
 F = Spawn count percentage of total count
 G = Total turns spent on level
                    A         B        C        D         E        F      G
               +---------+---------+-------+---------+---------+-------+---------
         Total |       0 |     315 |   0.0 |       0 |      64 |   0.0 |  2787
               +---------+---------+-------+---------+---------+-------+---------
           D:1 |       0 |      28 |   0.0 |       0 |      19 |   0.0 |   456
           D:2 |       0 |     132 |   0.0 |       0 |      18 |   0.0 |  1050
           D:3 |       0 |      28 |   0.0 |       0 |      14 |   0.0 |  1006
           D:4 |       0 |     127 |   0.0 |       0 |      13 |   0.0 |   275
               +---------+---------+-------+---------+---------+-------+---------
